 Dungeon Crawl Stone Soup version 0.15-b1-63-g828a17f (webtiles) character file.

3460 Sachiko the Tainter (level 9, -4/57 HPs)
             Began as a Demonspawn Venom Mage on Aug 13, 2014.
             Slain by a wight
             ... wielding a +0 great sword
              (8 damage)
             ... on Level 7 of the Dungeon.
             The game lasted 00:50:21 (9236 turns).

Sachiko the Tainter (Demonspawn Venom Mage)         Turns: 9236, Time: 00:50:21

HP  -4/57        AC 14     Str 10      XL: 9   Next: 78%
MP   0/25        EV 11     Int 19      God:
Gold 31          SH  0     Dex 13      Spells:  7 memorised,  6 levels left

rFire  + . .     SeeInvis .     d - +2 short sword (venom)
rCold  . . .     Clarity  .     a - +1 robe
rNeg   . . .     rCorr    .     (no shield)
rPois  .         rRot     .     (helmet restricted)
rElec  .         Spirit   +     p - +0 cloak
SustAb .         Warding  .     i - +0 pair of gloves
rMut   .         Stasis   .     (no boots)
Gourm  .                        q - amulet of guardian spirit
MR     .....                    v - ring of stealth
                                e - +3 ring of protection

@: drained, not resistant to hostile enchantments, stealthy
A: antennae 2, iridescent scales 2, fire resistance 1, nightstalker 1
a: no special abilities


You were on level 7 of the Dungeon.
You were not hungry.

You visited 2 branches of the dungeon, and saw 8 of its levels.
You also visited: Sewer.

You collected 295 gold pieces.
You spent 264 gold pieces at shops.

Inventory:

Hand weapons
 d - a +2 short sword of venom (weapon)
Armour
 a - a +1 robe (worn)
 i - a +0 pair of gloves (worn)
 p - a +0 cloak (worn)
Magical devices
 m - a wand of confusion (12)
 A - a wand of fire (5)
Comestibles
 c - 2 bread rations
 z - 3 meat rations
Scrolls
 k - 4 scrolls of teleportation
 s - a scroll of remove curse
 x - a scroll of magic mapping
 E - a scroll of enchant weapon
Jewellery
 e - a +3 ring of protection (left hand)
 h - an uncursed ring of ice
 o - an uncursed ring of fire
 q - an amulet of guardian spirit (around neck)
 u - an uncursed ring of sustain abilities
 v - a ring of stealth (right hand)
 w - an uncursed ring of teleportation
 y - an uncursed ring of flight
 D - an uncursed ring of protection from fire
Potions
 f - a potion of magic
 g - 7 potions of heal wounds
 t - 2 potions of brilliance
 B - 5 potions of curing
 C - 4 potions of might
Books
 b - a Young Poisoner's Handbook

   Spells                             Type                      Level
   *Sting                             Conjuration/Poison           1
   *Cure Poison                       Poison                       2
   *Mephitic Cloud                    Conjuration/Poison/Air       3
   Olgreb's Toxic Radiance            Poison                       4
   *Venom Bolt                        Conjuration/Poison           5
 j - a book of Spatial Translocations

   Spells                             Type                      Level
   Apportation                        Translocation                1
   *Blink                             Translocation                2
   Shroud of Golubria                 Charms/Translocation         2
   Portal Projectile                  Translocation                3
   Teleport Other                     Translocation                3
   Passage of Golubria                Translocation                4
 r - a book of Minor Magic

   Spells                             Type                      Level
   *Magic Dart                        Conjuration                  1
   *Blink                             Translocation                2
   Call Imp                           Summoning                    2
   Repel Missiles                     Charms/Air                   2
   Slow                               Hexes                        2
   *Conjure Flame                     Conjuration/Fire             3
   *Mephitic Cloud                    Conjuration/Poison/Air       3


   Skills:
 - Level 1.7(0.7) Dodging
 + Level 3.0(2.0) Stealth
 * Level 7.9(6.7) Spellcasting
 * Level 6.7(5.6) Conjurations
 - Level 2.2(1.2) Translocations
 - Level 0.3(0.0) Fire Magic
 + Level 9.0(7.8) Poison Magic


You had 6 spell levels left.
You knew the following spells:

 Your Spells              Type           Power        Failure   Level  Hunger
a - Sting                 Conj/Pois      ####         1%          1    None
b - Mephitic Cloud        Conj/Pois/Air  ###.....     6%          3    ##.....
c - Cure Poison           Pois           #####.....   1%          2    None
d - Blink                 Tloc           N/A          12%         2    None
e - Conjure Flame         Conj/Fire      ###.....     12%         3    ##.....
f - Magic Dart            Conj           ####         1%          1    None
g - Venom Bolt            Conj/Pois      ####......   21%         5    #####..


Dungeon Overview and Level Annotations

Branches:
Dungeon (7/15)             Temple (1/1) D:7

Altars:
Dithmenos
Elyvilon
Fedhas
Kikubaaqudgha
Makhleb
Nemelex Xobeh
Okawaru
Qazlal
Sif Muna
Trog
Xom
Yredelemnul
Zin
The Shining One

Shops:
D:4 *   D:7 *

Annotations:
D:3 ztt's ghost, average MiFi


Innate Abilities, Weirdness & Mutations

You have a pair of antennae on your head.
You are mostly covered in iridescent scales (AC +6).
Your flesh is heat resistant.
You are slightly more attuned to the shadows.


Message History

You barely miss the wight.
The wight is severely damaged.
You barely miss the wight.
The wight is severely damaged.
The wight hits you but does no damage.
You hit the wight.
The wight is almost destroyed.
The wight hits you but does no damage.
You barely miss the wight.
The wight is almost destroyed.
The wight closely misses you.
You hit the wight.
The wight is almost destroyed.
The wight hits you with a great sword!
You hit the wight.
The wight is almost destroyed.
The wight hits you with a great sword!!
* * * LOW HITPOINT WARNING * * *
You feel drained.
You die...

.## #..# ##...>##
##..###.. ..##
#..##..###.## ####
##. [..# #....##
##.## ## #..##
##...# ##.### #
....## ##...#
##).## # .....##
##)...## ##..## #
......###...#zz##
##..# ####
.....[....#####z##
#..## #...
.###......# ##@#
##..# #.## ##
##....## #.# ##..#
#.# #####....# #.#
#...####.##
.#.......# #.#
##.####....#
.........# ##.#
##.## #...≈§
..###....## #..#
##.## ##.§§≈ ###
#.....## ##..###.##
##.§§§
##......###...#..##
#≈≈§§§
#...##....%......#
#≈§≈§§


You could see 3 wights.

Vanquished Creatures
  6 yaks
  Eustachio (D:6)
  A sky beast (D:5)
  5 ogres
  A big kobold (D:7)
  2 giant frogs (D:6)
  A gnoll sergeant (D:7)
  5 scorpions
  A troll zombie (D:7)
  A quasit (D:6)
  6 wights
  2 crimson imps
  5 orc priests
  3 hounds
  8 orc wizards
  9 worker ants
  Ijyb (D:3)
  Jessica (D:3)
  A hound zombie (D:6)
  7 gnolls
  3 green rats (D:6)
  A shadow imp (D:5)
  11 adders
  6 giant mites
  2 worms
  4 giant geckos
  4 oozes
  30 orcs
  10 bats
  16 goblins
  10 hobgoblins
  32 kobolds
  4 ball pythons
  8 giant cockroaches
  7 giant newts
  A giant spore (D:7)
  16 jackals
  3 quokkas
  13 rats
  9 ballistomycetes (D:7)
257 creatures vanquished.

Vanquished Creatures (others)
  4 giant spores
  A ballistomycete (D:7)
5 creatures vanquished.

Grand Total: 262 creatures vanquished

Notes
Turn   | Place    | Note
--------------------------------------------------------------
     0 | D:1      | Sachiko, the Demonspawn Venom Mage, began the quest for the Orb.
     0 | D:1      | Reached XP level 1. HP: 13/13 MP: 3/3
   319 | D:1      | Gained mutation: You have a pair of small antennae on your head. [demonic ancestry]
   319 | D:1      | Reached XP level 2. HP: 19/19 MP: 1/4
   820 | D:2      | Gained mutation: You are slightly more attuned to the shadows. [demonic ancestry]
   820 | D:2      | Reached XP level 3. HP: 24/24 MP: 0/6
  1024 | D:2      | Learned a level 3 spell: Mephitic Cloud
  1050 | D:2      | Reached skill level 5 in Poison Magic
  1467 | D:3      | Noticed Jessica
  1616 | D:3      | Killed Jessica
  1616 | D:3      | Reached XP level 4. HP: 17/30 MP: 2/8
  1649 | D:3      | Reached skill level 1 in Conjurations
  1806 | D:3      | Gained mutation: You are partially covered in iridescent scales (AC +4). [demonic ancestry]
  1806 | D:3      | Reached XP level 5. HP: 32/35 MP: 7/10
  1906 | D:3      | Noticed ztt's ghost (average MiFi)
  2606 | D:3      | Learned a level 2 spell: Cure Poison
  2609 | D:3      | Learned a level 2 spell: Blink
  2641 | D:3      | Noticed Ijyb
  2658 | D:3      | Killed Ijyb
  2790 | D:4      | Reached skill level 6 in Poison Magic
  2812 | D:4      | Gained mutation: You are mostly covered in iridescent scales (AC +6). [demonic ancestry]
  2812 | D:4      | Reached XP level 6. HP: 36/41 MP: 11/13
  2862 | D:4      | Reached skill level 1 in Translocations
  2946 | D:4      | Found Wauf's Assorted Antiques.
  2985 | D:4      | Found a sparkling altar of Nemelex Xobeh.
  2990 | D:4      | Found a shimmering altar of Xom.
  2990 | D:4      | Found a deep blue altar of Sif Muna.
  3590 | D:5      | Entered Level 5 of the Dungeon
  3640 | D:5      | Gained mutation: Your flesh is heat resistant. [demonic ancestry]
  3640 | D:5      | Reached XP level 7. HP: 46/46 MP: 12/15
  3846 | D:5      | Found a bloodstained altar of Trog.
  4933 | D:6      | Found a glowing golden altar of the Shining One.
  5018 | D:6      | Found a glowing drain.
  5030 | Sewer    | Entered a sewer
  5454 | D:6      | Reached skill level 5 in Spellcasting
  5489 | D:6      | Reached skill level 7 in Poison Magic
  5489 | D:6      | Gained mutation: You have a pair of antennae on your head. [demonic ancestry]
  5489 | D:6      | Reached XP level 8. HP: 41/52 MP: 18/20
  5691 | D:6      | Noticed Eustachio
  5771 | D:6      | Killed Eustachio
  6565 | D:6      | Found a burning altar of Makhleb.
  6705 | D:6      | Reached skill level 5 in Conjurations
  7051 | D:7      | Reached skill level 8 in Poison Magic
  7256 | D:7      | Found a glowing golden altar of the Shining One.
  7360 | D:7      | Found Biot Enn's Elemental Accessories.
  7373 | D:7      | Bought a wand of fire (8) for 264 gold pieces
  7414 | D:7      | Reached XP level 9. HP: 51/57 MP: 19/23
  8403 | D:7      | Learned a level 3 spell: Conjure Flame
  8405 | D:7      | Learned a level 1 spell: Magic Dart
  8411 | D:7      | Learned a level 5 spell: Venom Bolt
  8952 | D:7      | Reached skill level 9 in Poison Magic
  9037 | D:7      | Found a staircase to the Ecumenical Temple.
  9043 | Temple   | Entered the Ecumenical Temple
  9236 | D:7      | Slain by a wight

Action                   |  1- 3 |  4- 6 |  7- 9 || total
-------------------------+-------+-------+-------++-------
Melee: Short sword       |    70 |   184 |   597 ||   851
       Unarmed           |     6 |       |       ||     6
 Cast: Sting             |    23 |    50 |   126 ||   199
       Mephitic Cloud    |     2 |       |     5 ||     7
       Cure Poison       |       |     1 |       ||     1
       Magic Dart        |       |       |    25 ||    25
       Conjure Flame     |       |       |     4 ||     4
Evoke: Wand              |       |       |    10 ||    10
  Use: Scroll            |     3 |     8 |     8 ||    19
       Potion            |       |     2 |     7 ||     9
 Stab: Sleeping          |     6 |     5 |    20 ||    31
       Distracted        |       |     1 |     2 ||     3
       Confused          |       |       |     1 ||     1
  Eat: Chunk             |     2 |     6 |    12 ||    20
       Fruit             |     1 |       |     2 ||     3
       Beef jerky        |       |       |     1 ||     1
       Meat ration       |       |       |     1 ||     1
